APP
CHICAGO (APP) CUBS @ SAN FRANCISCO (APP) GIANTS
08/03/2044
 
TOP OF THE 1ST
Chicago (APP) Cubs batting - Pitching for San Francisco (APP) Giants : LHP Jack Klein
Pitching: LHP Jack Klein
Batting: RHB Andy Huntley 0-0: Ball
1-0: Foul Ball, location: 2F
1-1: Ball
2-1: Foul Ball, location: 2F
2-2: Foul Ball, location: 2F
2-2: Strikes out swinging
Batting: SHB Gabriel Cruz 0-0: Called Strike
0-1: Swinging Strike
0-2: Strikes out swinging
Batting: RHB Tak-keung Chieu 0-0: Called Strike
0-1: Ball
1-1: Swinging Strike
1-2: Ball
2-2: Ball
3-2: Fly out, F9 (Flyball, 9D, EV 109.4 MPH)
Top of the 1st over - 0 runs, 0 hits, 0 errors, 0 left on base; Chicago (APP) 0 - San Francisco (APP) 0
BOTTOM OF THE 1ST
San Francisco (APP) Giants batting - Pitching for Chicago (APP) Cubs : RHP Jake Newman
Pitching: RHP Jake Newman
Batting: RHB Bill Defazio 0-0: DOUBLE (Flyball, 8LXD, EV 108.8 MPH)
Batting: SHB David Barona 0-0: Fly out, F9 (Flyball, 9LD, EV 105.0 MPH)
Runner from 2nd tags up, SAFE at 3rd, no throw by RF
Batting: RHB Edwin Verdugo 0-0: Called Strike
0-1: Ball
1-1: Ball
2-1: Swinging Strike
2-2: Foul Ball, location: 2F
2-2: Foul Ball, location: 2F
2-2: Foul Ball, location: 2F
2-2: Strikes out swinging
Batting: RHB Frank Pena 0-0: Swinging Strike
0-1: Ground out 6-3 (Groundball, 6S, EV 61.3 MPH)
Bottom of the 1st over - 0 runs, 1 hit, 0 errors, 1 left on base; Chicago (APP) 0 - San Francisco (APP) 0
TOP OF THE 2ND
Chicago (APP) Cubs batting - Pitching for San Francisco (APP) Giants : LHP Jack Klein
Batting: RHB Sam Sours 0-0: Called Strike
0-1: Ball
1-1: Ball
2-1: Foul Ball, location: 2F
2-2: Foul Ball, location: 2F
2-2: Ball
3-2: Foul Ball, location: 2F
3-2: Foul Ball, location: 2F
3-2: Fly out, F8 (Flyball, 8LXD, EV 97.5 MPH)
Batting: RHB Leonardo Nava 0-0: Fly out, F7 (Flyball, 7, EV 83.8 MPH)
Batting: RHB Ryan Bush 0-0: Ball
1-0: Ball
2-0: Foul Ball, location: 2F
2-1: SINGLE (Groundball, 34D, EV 105.6 MPH)
Batting: RHB Jerry Blas 0-0: Swinging Strike
0-1: Ball
1-1: Hit by Pitch
Ryan Bush to second
Batting: RHB Jake Mitchell 0-0: Fielders Choice at 2nd, 6-4 (Groundball, 6, EV 85.6 MPH)
Top of the 2nd over - 0 runs, 1 hit, 0 errors, 2 left on base; Chicago (APP) 0 - San Francisco (APP) 0
BOTTOM OF THE 2ND
San Francisco (APP) Giants batting - Pitching for Chicago (APP) Cubs : RHP Jake Newman
Batting: LHB Steve Nevis 0-0: Ball
1-0: Called Strike
1-1: DOUBLE (Flyball, 78XD, EV 110.0 MPH)
Batting: RHB Pedro Quezada 0-0: Ball
1-0: Called Strike
1-1: Fly out, F9 (Flyball, 89S, EV 88.1 MPH)
Batting: RHB Ed Broomhead 0-0: Ball
1-0: Ball
2-0: Called Strike
2-1: Ground out 6-3 (Groundball, 6, EV 109.4 MPH)
Batting: RHB David Andrews 0-0: Called Strike
0-1: Foul Ball, location: 2F
0-2: SINGLE (Line Drive, 89M, EV 105.6 MPH)
Steve Nevis to third
Runner from 3rd tries for Home, SAFE, throw by CF to home
Batting: RHB Alexis Andrade 0-0: Ball
1-0: Called Strike
1-1: Ball
Wild Pitch!
David Andrews to second
2-1: Ball
3-1: Swinging Strike
3-2: Strikes out swinging
Bottom of the 2nd over - 1 run, 2 hits, 0 errors, 1 left on base; Chicago (APP) 0 - San Francisco (APP) 1
TOP OF THE 3RD
Chicago (APP) Cubs batting - Pitching for San Francisco (APP) Giants : LHP Jack Klein
Batting: LHB Mark Ingram 0-0: Ball
1-0: Swinging Strike
1-1: Ball
2-1: Called Strike
2-2: Strikes out swinging
Batting: RHB Andy Huntley 0-0: Ball
1-0: Ball
2-0: Fly out, F8 (Flyball, 8RM, EV 88.8 MPH)
Batting: SHB Gabriel Cruz 0-0: Fly out, F7 (Flyball, 8LM, EV 91.9 MPH)
Top of the 3rd over - 0 runs, 0 hits, 0 errors, 0 left on base; Chicago (APP) 0 - San Francisco (APP) 1
BOTTOM OF THE 3RD
San Francisco (APP) Giants batting - Pitching for Chicago (APP) Cubs : RHP Jake Newman
Batting: RHB Bill Defazio 0-0: Foul Ball, location: 2F
0-1: Foul Ball, location: 2F
0-2: Ball
1-2: SOLO HOME RUN (Flyball, 7D, EV 96.9 MPH), Distance : 377 ft
Batting: SHB David Barona 0-0: Called Strike
0-1: Ball
1-1: Ball
2-1: Ball
3-1: Base on Balls
Batting: RHB Edwin Verdugo 0-0: Called Strike
0-1: Ball
Wild Pitch!
David Barona to second
1-1: Called Strike
1-2: Strikes out looking
Batting: RHB Frank Pena 0-0: Called Strike
David Barona steals 3rd base (no throw)
0-1: Ball
1-1: Ball
2-1: Ground out 6-3 (Groundball, 6M, EV 78.8 MPH)
David Barona scores
Batting: LHB Steve Nevis 0-0: Ball
1-0: DOUBLE (Line Drive, 9LS, EV 110.0 MPH)
Batting: RHB Pedro Quezada 0-0: Ground out 6-3 (Groundball, 6, EV 88.8 MPH)
Bottom of the 3rd over - 2 runs, 2 hits, 0 errors, 1 left on base; Chicago (APP) 0 - San Francisco (APP) 3
TOP OF THE 4TH
Chicago (APP) Cubs batting - Pitching for San Francisco (APP) Giants : LHP Jack Klein
Batting: RHB Tak-keung Chieu 0-0: Called Strike
0-1: Called Strike
0-2: Strikes out looking
Batting: RHB Sam Sours 0-0: Swinging Strike
0-1: Foul Ball, location: 2F
0-2: Ball
1-2: Fly out, F9 (Flyball, 89D, EV 105.6 MPH)
Batting: RHB Leonardo Nava 0-0: Called Strike
0-1: Ball
1-1: Ball
2-1: Foul Ball, location: 2F
2-2: Foul Ball, location: 2F
2-2: Foul Ball, location: 2F
2-2: Foul Ball, location: 2F
2-2: Ball
3-2: Foul Ball, location: 2F
3-2: Base on Balls
Batting: RHB Ryan Bush 0-0: Foul Ball, location: 2F
0-1: Ball
1-1: Called Strike
1-2: Ball
2-2: Ground out 4-3 (Groundball, 4, EV 80.6 MPH)
Top of the 4th over - 0 runs, 0 hits, 0 errors, 1 left on base; Chicago (APP) 0 - San Francisco (APP) 3
BOTTOM OF THE 4TH
San Francisco (APP) Giants batting - Pitching for Chicago (APP) Cubs : RHP Jake Newman
Batting: RHB Ed Broomhead 0-0: Ball
1-0: Ball
2-0: Ground out 5-3 (Groundball, 56, EV 92.5 MPH)
Batting: RHB David Andrews 0-0: SINGLE (Groundball, 56S, EV 71.9 MPH) (infield hit)
Batting: RHB Alexis Andrade 0-0: Fielders Choice at 2nd, 5-4 (Groundball, 56S, EV 88.1 MPH)
Batting: RHB Bill Defazio 0-0: Ball
1-0: Ball
2-0: Foul Ball, location: 2F
2-1: DOUBLE (Line Drive, 78XD, EV 101.9 MPH)
Alexis Andrade to third
Runner from 3rd tries for Home, SAFE, no throw by CF
Batting: SHB David Barona 0-0: Ball
1-0: Swinging Strike
1-1: Foul Ball, location: 2F
1-2: Strikes out looking
Bottom of the 4th over - 1 run, 2 hits, 0 errors, 1 left on base; Chicago (APP) 0 - San Francisco (APP) 4
TOP OF THE 5TH
Chicago (APP) Cubs batting - Pitching for San Francisco (APP) Giants : LHP Jack Klein
Batting: RHB Jerry Blas 0-0: Swinging Strike
0-1: SINGLE (Line Drive, 3D, EV 98.1 MPH)
Batting: RHB Jake Mitchell 0-0: Grounds into double play, 6-4-3 (Groundball, 6M, EV 90.0 MPH)
Batting: LHB Mark Ingram 0-0: Called Strike
0-1: Foul Ball, location: 2F
0-2: Ground out 4-3 (Groundball, 4, EV 78.8 MPH)
Top of the 5th over - 0 runs, 1 hit, 0 errors, 0 left on base; Chicago (APP) 0 - San Francisco (APP) 4
BOTTOM OF THE 5TH
San Francisco (APP) Giants batting - Pitching for Chicago (APP) Cubs : RHP Jake Newman
Batting: RHB Edwin Verdugo 0-0: Called Strike
0-1: Swinging Strike
0-2: Ball
1-2: Strikes out looking
Batting: RHB Frank Pena 0-0: Called Strike
0-1: Foul Ball, location: 2F
0-2: Ball
1-2: Ball
2-2: Fly out, F8 (Flyball, 8LD, EV 99.4 MPH)
Batting: LHB Steve Nevis 0-0: Fly out, F8 (Flyball, 78D, EV 89.4 MPH)
Bottom of the 5th over - 0 runs, 0 hits, 0 errors, 0 left on base; Chicago (APP) 0 - San Francisco (APP) 4
TOP OF THE 6TH
Chicago (APP) Cubs batting - Pitching for San Francisco (APP) Giants : LHP Jack Klein
Batting: RHB Andy Huntley 0-0: Swinging Strike
0-1: Ball
1-1: Ball
2-1: Ball
3-1: Base on Balls
Batting: SHB Gabriel Cruz 0-0: Ball
1-0: Reaches on Catchers interference
Andy Huntley to second
Batting: RHB Tak-keung Chieu 0-0: Ball
1-0: Ball
2-0: DOUBLE (Line Drive, 78XD, EV 108.8 MPH)
Andy Huntley scores
Gabriel Cruz to third
Batting: RHB Sam Sours 0-0: Ball
1-0: Foul Ball, location: 2F
1-1: SINGLE (Groundball, 6D, EV 105.0 MPH)
Gabriel Cruz scores
Tak-keung Chieu to third
Batting: RHB Leonardo Nava 0-0: Ball
1-0: Ball
2-0: Foul Ball, location: 2F
2-1: Ball
3-1: SINGLE (Flyball, 78S, EV 90.6 MPH)
Tak-keung Chieu scores
Sam Sours to second
Batting: RHB Ryan Bush 0-0: Ball
1-0: Ball
2-0: Ball
3-0: Called Strike
3-1: Called Strike
3-2: Base on Balls
Sam Sours to third
Leonardo Nava to second
Batting: RHB Jerry Blas 0-0: Foul Ball, location: 2F
0-1: Swinging Strike
0-2: Ball
1-2: Strikes out swinging
Batting: RHB Jake Mitchell 0-0: Ball
1-0: Ball
2-0: Called Strike
2-1: Ball
3-1: Base on Balls
Sam Sours scores
Leonardo Nava to third
Ryan Bush to second
Pitching: RHP Chance Robinson
Batting: LHB Mark Ingram 0-0: Foul Ball, location: 2F
0-1: Fly out, F8 (Flyball, 8LM, EV 84.4 MPH)
Runner from 3rd tags up, SCORES, throw by CF
Batting: RHB Andy Huntley 0-0: Ball
1-0: Foul Ball, location: 2F
1-1: Swinging Strike
1-2: Ball
2-2: Strikes out swinging
Top of the 6th over - 5 runs, 3 hits, 1 error, 2 left on base; Chicago (APP) 5 - San Francisco (APP) 4
BOTTOM OF THE 6TH
San Francisco (APP) Giants batting - Pitching for Chicago (APP) Cubs : RHP Jake Newman
Batting: RHB Pedro Quezada 0-0: Ball
1-0: Ball
2-0: Foul Ball, location: 2F
2-1: Ball
3-1: Base on Balls
Pitching: LHP Eddie Panagos
Batting: RHB Ed Broomhead 0-0: Ball
Pedro Quezada is caught stealing 2nd base 2-4
1-0: Ball
2-0: Ball
3-0: Called Strike
3-1: Ground out U3 (Groundball, 34, EV 105.0 MPH)
Batting: RHB David Andrews 0-0: Swinging Strike
0-1: Swinging Strike
0-2: Strikes out looking
Bottom of the 6th over - 0 runs, 0 hits, 0 errors, 0 left on base; Chicago (APP) 5 - San Francisco (APP) 4
TOP OF THE 7TH
Chicago (APP) Cubs batting - Pitching for San Francisco (APP) Giants : RHP Chance Robinson
Batting: SHB Gabriel Cruz 0-0: Ball
1-0: Called Strike
1-1: Ball
2-1: Foul Ball, location: 2F
2-2: Ball
3-2: Strikes out looking
Batting: RHB Tak-keung Chieu 0-0: Called Strike
0-1: Foul Ball, location: 2F
0-2: Ball
1-2: Strikes out swinging
Batting: RHB Sam Sours 0-0: Called Strike
0-1: Ball
1-1: Called Strike
1-2: Foul Ball, location: 2F
1-2: Strikes out swinging
Top of the 7th over - 0 runs, 0 hits, 0 errors, 0 left on base; Chicago (APP) 5 - San Francisco (APP) 4
BOTTOM OF THE 7TH
San Francisco (APP) Giants batting - Pitching for Chicago (APP) Cubs : LHP Eddie Panagos
Pitching: RHP Julio Arteaga
Batting: RHB Alexis Andrade 0-0: Called Strike
0-1: Ball
1-1: Ball
2-1: Swinging Strike
2-2: Ground out 4-3 (Groundball, 4, EV 101.3 MPH)
Batting: RHB Bill Defazio 0-0: Called Strike
0-1: Called Strike
0-2: Foul Ball, location: 2F
0-2: Ball
1-2: Ball
2-2: Fly out, F3 (Popup, 3F, EV 77.5 MPH)
Batting: SHB David Barona 0-0: Ball
1-0: Ball
2-0: Foul Ball, location: 2F
2-1: Foul Ball, location: 2F
2-2: Ball
3-2: Fly out, F8 (Flyball, 89D, EV 102.5 MPH)
Bottom of the 7th over - 0 runs, 0 hits, 0 errors, 0 left on base; Chicago (APP) 5 - San Francisco (APP) 4
TOP OF THE 8TH
Chicago (APP) Cubs batting - Pitching for San Francisco (APP) Giants : RHP Chance Robinson
Pitching: LHP Sean Binns
Batting: RHB Leonardo Nava 0-0: Called Strike
0-1: Ball
1-1: Foul Ball, location: 2F
1-2: Ball
2-2: Foul Ball, location: 2F
2-2: Fly out, F7 (Flyball, 7, EV 91.9 MPH)
Batting: RHB Ryan Bush 0-0: Ball
1-0: Foul Ball, location: 2F
1-1: Foul Ball, location: 2F
1-2: Foul Ball, location: 2F
1-2: SOLO HOME RUN (Flyball, 9D, EV 95.0 MPH), Distance : 378 ft
Batting: RHB Jerry Blas 0-0: Foul Ball, location: 2F
0-1: Called Strike
0-2: Strikes out swinging
Batting: RHB Jake Mitchell 0-0: Ball
1-0: Fly out, F6 (Popup, 4M, EV 63.1 MPH)
Top of the 8th over - 1 run, 1 hit, 0 errors, 0 left on base; Chicago (APP) 6 - San Francisco (APP) 4
BOTTOM OF THE 8TH
San Francisco (APP) Giants batting - Pitching for Chicago (APP) Cubs : RHP Julio Arteaga
Pitching: LHP Neal Brody
Batting: RHB Edwin Verdugo 0-0: Called Strike
0-1: Foul Ball, location: 2F
0-2: Strikes out swinging
Batting: RHB Frank Pena 0-0: Ball
1-0: Foul Ball, location: 2F
1-1: Called Strike
1-2: Reached on error, E6 (Groundball, 6, EV 86.9 MPH)
Batting: LHB Steve Nevis 0-0: Fielders Choice at 2nd, 5-4 (Groundball, 56, EV 100.6 MPH)
Batting: RHB Pedro Quezada 0-0: Swinging Strike
0-1: Ball
1-1: Called Strike
1-2: Ball
2-2: Strikes out swinging
Bottom of the 8th over - 0 runs, 0 hits, 1 error, 1 left on base; Chicago (APP) 6 - San Francisco (APP) 4
TOP OF THE 9TH
Chicago (APP) Cubs batting - Pitching for San Francisco (APP) Giants : LHP Sean Binns
Pitching: LHP Mark Gregor
Pinch Hitting: RHB Taylor Garofalo 0-0: Ball
1-0: Called Strike
1-1: SINGLE (Line Drive, 89S, EV 94.4 MPH)
Batting: RHB Andy Huntley 0-0: Foul Ball, location: 2F
0-1: Ball
1-1: 2-RUN HOME RUN (Flyball, 7D, EV 98.8 MPH), Distance : 385 ft
Batting: SHB Gabriel Cruz 0-0: Called Strike
0-1: Foul Ball, location: 2F
0-2: Foul Ball, location: 2F
0-2: Ball
1-2: Ball
2-2: Strikes out looking
Batting: RHB Tak-keung Chieu 0-0: Ball
1-0: Foul Ball, location: 2F
1-1: Called Strike
1-2: Fly out, F6 (Popup, 6, EV 59.4 MPH)
Batting: RHB Sam Sours 0-0: Foul Ball, location: 2F
0-1: Ball
1-1: Foul Ball, location: 2F
1-2: Ball
2-2: Ball
3-2: Base on Balls
Pitching: RHP Nick McDade
Batting: RHB Leonardo Nava 0-0: Ball
Sam Sours steals 2nd base
1-0: Fly out, F5 (Line Drive, 5, EV 76.9 MPH)
Top of the 9th over - 2 runs, 2 hits, 0 errors, 1 left on base; Chicago (APP) 8 - San Francisco (APP) 4
BOTTOM OF THE 9TH
San Francisco (APP) Giants batting - Pitching for Chicago (APP) Cubs : LHP Neal Brody
Pitching: RHP Carlos Zavala
Now at 1B: Jose Sanchez
Batting: RHB Ed Broomhead 0-0: Ball
1-0: Foul Ball, location: 2F
1-1: Fly out, F7 (Flyball, 7LS, EV 94.4 MPH)
Pinch Hitting: LHB Al Hernandez 0-0: Fly out, F7 (Flyball, 7, EV 97.5 MPH)
Batting: RHB Alexis Andrade 0-0: Ground out U3 (Groundball, 3, EV 80.6 MPH)
Bottom of the 9th over - 0 runs, 0 hits, 0 errors, 0 left on base; Chicago (APP) 8 - San Francisco (APP) 4
Thursday, March 31st , 2022 - OOTP Baseball 22.12 Build 89